 Dungeon Crawl Stone Soup version 0.28-a0-1389-gc726bef33b (webtiles) character file.

Game seed: 9988197227010777548

3380 flotson the Skirmisher (level 9, -4/64 (69) HPs)
             Began as a Demonspawn Gladiator on Jan 3, 2022.
             Was an Initiate of Gozag.
             Slain by a +4 glaive of electrocution (11 damage)
             ... created by the rancor of the Wu Jian Council
             ... on level 8 of the Dungeon.
             The game lasted 00:15:35 (9845 turns).

flotson the Skirmisher (Demonspawn Gladiator)       Turns: 9845, Time: 00:15:35

HP:   -4/64 (69)    AC: 12    Str: 19    XL:     9   Next: 74%
MP:   9/9           EV: 11    Int:  9    God:    Gozag
Gold: 349           SH:  0    Dex: 21    Spells: 8/8 levels left

rFire   . . .      SeeInvis .   t - +6 flail (distort)
rCold   + . .      Faith    .   r - orb {mayhem}
rNeg    . . .      Spirit   .   E - +0 chain mail {rC+}
rPois   +          Reflect  .   (helmet restricted)
rElec   .          Harm     .   h - +0 cloak
rCorr   .          Rampage  .   (no gloves)
Will    .....                   f - +0 pair of boots
Stlth   ..........              (no amulet)
HPRegen 0.20/turn               B - ring of poison resistance
MPRegen 0.11/turn               n - +6 ring of dexterity

@: drained
A: antennae 2
a: Renounce Religion, Potion Petition, Call Merchant, Bribe Branch


You were on level 8 of the Dungeon.
You worshipped Gozag.
Gozag was aware of your devotion.
You visited 2 branches of the dungeon, and saw 9 of its levels.
You also visited: Ossuary.

You collected 445 gold pieces.
You paid 96 gold pieces to Gozag.

Inventory:

Hand Weapons
 a - a +1 whip of electrocution
 t - a +6 flail of distortion (weapon)
Missiles
 d - a throwing net
 z - 28 poisoned darts (quivered)
Armour
 f - a +0 pair of boots (worn)
 h - a +0 cloak (worn)
 r - an orb of mayhem (worn)
 E - a +0 chain mail of cold resistance (worn)
 L - an orb of wrath
Jewellery
 c - a ring of flight
 n - a +6 ring of dexterity (right hand)
 B - a ring of poison resistance (left hand)
 C - a ring of see invisible
Wands
 F - a wand of digging (4)
 I - a wand of flame (9)
 J - a wand of iceblast (9)
Scrolls
 g - 2 scrolls of enchant armour {unknown}
 k - 2 scrolls of enchant weapon {unknown}
 l - a scroll of noise {unknown}
 m - 4 scrolls of teleportation
 o - a scroll of amnesia {unknown}
 s - 2 scrolls of fear {unknown}
 x - 3 scrolls of identify
 y - 4 scrolls of blinking {unknown}
 A - 2 scrolls of acquirement {unknown}
 K - a scroll of immolation {unknown}
Potions
 b - a potion of cancellation {unknown}
 e - 6 potions of curing {unknown}
 i - 3 potions of flight {unknown}
 j - a potion of invisibility {unknown}
 p - 4 potions of heal wounds {unknown}
 q - 4 potions of might {unknown}
 u - a potion of mutation {unknown}
 v - a potion of magic {unknown}
 w - 2 potions of brilliance {unknown}
 D - a potion of haste {unknown}
 G - a potion of degeneration {unknown}
 H - 2 potions of berserk rage {unknown}


   Skills:
 + Level 6.3 Fighting
 + Level 6.1 Maces & Flails
 + Level 5.8 Throwing
 + Level 5.3 Armour
 + Level 6.2 Dodging
 + Level 2.6 Evocations


You had 8 spell levels left.
You didn't know any spells.
Your spell library contained the following spells:

 Spells                   Type           Power      Damage    Failure   Level
 Magic Dart               Conj           0%         1d3       99%         1
 Shock                    Conj/Air       0%         1d3       99%         1
 Searing Ray              Conj           0%         2d4       99%         2
 Gell's Gravitas          Tloc           0%         N/A       100%        3
 Lesser Beckoning         Tloc           0%         N/A       100%        3
 Swiftness                Air            0%         N/A       100%        3
 Teleport Other           Tloc           0%         N/A       100%        3
 Airstrike                Air            0%         N/A       100%        4
 Animate Dead             Necr           0%         N/A       100%        4
 Fulminant Prism          Conj/Hex       0%         3d6       100%        4
 Haunt                    Necr/Summ      0%         N/A       100%        7
 Infestation              Necr           0%         N/A       100%        8


Dungeon Overview and Level Annotations

Branches:
Dungeon (8/15)             Temple (1/1) D:7         Ossuary (visited)
   Lair: D:8-11

Altars:
Cheibriados
Dithmenos
Fedhas
Gozag
Hepliaklqana
Kikubaaqudgha
Makhleb
Nemelex Xobeh
Okawaru
Qazlal
Sif Muna
Wu Jian
Xom
Yredelemnul
The Shining One

Shops:
D:3 :   D:5 =


Innate Abilities, Weirdness & Mutations

You have a pair of antennae on your head.


Message History

Unknown command.
You closely miss the +4 rapier of flaming.
The +4 rapier of flaming hits you! The +4 rapier of flaming burns you.
Unknown command.
You hit the +4 rapier of flaming but do no damage.
The +4 rapier of flaming is devoured by a tear in reality.
Unknown command.
You completely miss the +4 broad axe of flaming.
The +4 broad axe of flaming is heavily damaged.
Unknown command.
You sock the +4 broad axe of flaming!
Space warps around the +4 broad axe of flaming.
The +4 broad axe of flaming is almost destroyed.
You carefully extract the barbed spikes from your body.
The +4 broad axe of flaming hits you but does no damage.
You sock the +4 broad axe of flaming!
You destroy the +4 broad axe of flaming!
That felt strangely unrewarding.
The +4 glaive of electrocution hits you but does no damage.
You are electrocuted!
Unknown command.
You are too injured to fight recklessly!
Unknown command.
You are too injured to fight recklessly!
Unknown command.
You are too injured to fight recklessly!
The +4 glaive of electrocution hits you!!
* * * LOW HITPOINT WARNING * * *
You hit the +4 glaive of electrocution but do no damage.
Space warps around the +4 glaive of electrocution.
The +4 glaive of electrocution is moderately damaged.
You hit the +4 glaive of electrocution but do no damage.
The +4 glaive of electrocution is moderately damaged.
The +4 glaive of electrocution closely misses you.
You hit the +4 glaive of electrocution.
The +4 glaive of electrocution is heavily damaged.
The +4 glaive of electrocution blinks!
The +4 glaive of electrocution hits you from afar!
You die...
Your body crumbles into a pile of gold.

..# #.# #.# #.# #.# $
$ #.#######
.######........ { {
.......[############{
..........[....§@<.#{
#........######.#.§#{
#........# #..(.##.#
######'#.# #.#####.#
#.#.# #.......#
###.#.###########
#.........#
#.#.#.###.# #$#.#...


You could see a +4 glaive of electrocution.

Vanquished Creatures
  14 dancing weapons
  A steam dragon (D:7)
  Edmund (D:6)
  A water moccasin (D:5)
  An orc warrior (D:7)
  A black bear (D:6)
  3 necrophages
  3 ogres
  A centaur (D:4)
  A bullfrog (D:7)
  3 scorpions
  3 water moccasin zombies
  A gnoll sergeant (D:7)
  A wyvern skeleton (D:6)
  A water moccasin skeleton (D:4)
  7 wights
  A centaur zombie (D:5)
  2 bullfrog zombies
  A hound (D:7)
  A jelly (D:7)
  3 orc priests (D:7)
  2 centaur skeletons
  Terence (D:3)
  4 iguanas
  4 orc wizards
  2 mummies (Ossuary)
  12 adders
  6 gnolls
  A shadow imp (D:6)
  2 ufetubi
  4 adder zombies (Ossuary)
  A worm (D:2)
  4 dart slugs
  12 orcs
  3 ball pythons
  10 endoplasms
  2 giant cockroaches
  3 goblins
  6 hobgoblins
  5 kobolds
  3 quokkas
  3 bats
  2 frilled lizards
  3 gnoll zombies (Ossuary)
  5 hobgoblin zombies (Ossuary)
  7 kobold zombies (Ossuary)
  4 orc zombies (Ossuary)
  8 rats
170 creatures vanquished.

Vanquished Creatures (collateral kills)
  A wight (D:7)
  A gnoll shaman (D:6)
  4 gnolls
  An orc (D:7)
7 creatures vanquished.

Vanquished Creatures (others)
  3 gnolls
  An orc (D:7)
4 creatures vanquished.

Grand Total: 181 creatures vanquished

Notes
Turn   | Place    | Note
-------+----------+-------------------------------------------
     0 | D:1      | flotson the Demonspawn Gladiator began the quest for the
                  | Orb.
     0 | D:1      | Reached XP level 1. HP: 16/16 MP: 1/1
     1 | D:1      | Noticed an electric eel
   177 | D:1      | Gained mutation: You have a pair of small antennae on your
                  | head. [demonic ancestry]
   177 | D:1      | Reached XP level 2. HP: 22/22 MP: 2/2
   398 | D:1      | Found a faded altar of an unknown god.
   407 | D:1      | Prayed at the altar of an unknown god.
   407 | D:1      | Became a worshipper of the Wu Jian Council
   407 | D:1      | Reached * piety under Wu Jian
   969 | D:2      | Reached skill level 1 in Armour
   969 | D:2      | Reached XP level 3. HP: 21/28 MP: 3/3
  1279 | D:2      | Found a sparkling altar of Nemelex Xobeh.
  1699 | D:2      | Gained mutation: You have a pair of antennae on your head.
                  | [demonic ancestry]
  1699 | D:2      | Reached XP level 4. HP: 34/34 MP: 4/4
  2208 | D:3      | Reached ** piety under Wu Jian
  2262 | D:3      | Reached XP level 5. HP: 21/40 MP: 5/5
  2863 | D:3      | Noticed Terence
  2895 | D:3      | Found Kext's Book Shop.
  3205 | D:3      | Killed Terence
  3882 | D:4      | Reached XP level 6. HP: 44/47 MP: 6/6
  3970 | D:4      | Found a sand-covered staircase.
  3979 | Ossuary  | Entered an ossuary
  4074 | Ossuary  | Reached *** piety under Wu Jian
  4312 | D:4      | Reached XP level 7. HP: 35/53 MP: 7/7
  4632 | D:4      | Found a snail-covered altar of Cheibriados.
  5291 | D:5      | Entered Level 5 of the Dungeon
  5357 | D:5      | Found a stormy altar of Qazlal.
  5463 | D:5      | Found Zaineeko's Jewellery Emporium.
  5618 | D:5      | Reached XP level 8. HP: 61/61 MP: 8/8
  6089 | D:5      | Found a burning altar of Makhleb.
  6480 | D:6      | Reached skill level 5 in Fighting
  6480 | D:6      | Reached skill level 5 in Maces & Flails
  6480 | D:6      | Reached skill level 5 in Dodging
  6494 | D:6      | Noticed Edmund
  6514 | D:6      | Killed Edmund
  6515 | D:6      | Reached skill level 5 in Throwing
  6858 | D:6      | Reached XP level 9. HP: 68/68 MP: 9/9
  7454 | D:7      | Reached skill level 1 in Evocations
  7739 | D:7      | Reached **** piety under Wu Jian
  7867 | D:7      | Found a shadowy altar of Dithmenos.
  7890 | D:7      | Found a basalt altar of Yredelemnul.
  7905 | D:7      | Found a staircase to the Ecumenical Temple.
  7914 | Temple   | Entered the Ecumenical Temple
  7965 | Temple   | Fell from the grace of Wu Jian
  7965 | Temple   | Became a worshipper of Gozag Ym Sagoz the Greedy
  8006 | D:7      | Reached skill level 5 in Armour
  9845 | D:8      | Slain by a +4 glaive of electrocution

Illustrated notes

Levels and vault maps discovered:
D:1:      arrival_aquarium_a, layout_basic,
          shapermc_ecumenical_altar_mp_highgroup,
          nicolae_concentric_dashed_squares_wild, nrook_mini_vaults
D:2:      layout_basic, basic_altar
D:3:      layout_basic, serial_shops, nicolae_shop_hallway_plus, uniq_terence
D:4:      layout_gridville, kennysheep_slug_shrine,
          nicolae_ossuary_entry_monument
D:5:      layout_cave_pods, mainiacjoe_overflow_catch_the_wave, serial_shops,
          nicolae_inconvenience_store
D:6:      layout_cave_pods, uniq_edmund
D:7:      nicolae_cairo_tiling_large_dashed, layout_basic,
          mainiacjoe_overflow_swirl, minmay_temple_entry_hall, serial_aquarium,
          aquarium_bridge_straight [aquarium_subvault_bridge,
          aquarium_subvault_window, aquarium_subvault_bridge,
          aquarium_subvault_window], aquarium_window_fake, aquarium_window_2,
          aquarium_view_2d, aquarium_view_2a, aquarium_pool_2
D:8:      layout_basic
Temple:   eino_temple_scatter_basement

Skill      XL: |  1  2  3  4  5  6  7  8  9 |
---------------+----------------------------+-----
Throwing       | 2 3 4 5 |  5.8
Maces & Flails | 3 4 5 6 |  6.1
Armour         | 1 2 3 4 5 |  5.3
Dodging        | 3 4 5 6 |  6.2
Fighting       | 3 4 5 6 |  6.3
Evocations     | 2 |  2.6

Action                   |  1- 3 |  4- 6 |  7- 9 || total
-------------------------+-------+-------+-------++-------
Melee: Flail             |    75 |    69 |   218 ||   362
       Whip              |       |     6 |       ||     6
 Fire: Hunting sling     |    28 |   125 |       ||   153
Throw: Throwing net      |       |     1 |     1 ||     2
       Dart              |       |       |     3 ||     3
Invok: Lunge             |     1 |     3 |    13 ||    17
  Use: Scroll            |       |       |     2 ||     2
 Stab: Held in net/web   |       |     1 |     2 ||     3
Armor: Leather armour    |    11 |       |       ||    11
       Chain mail        |    32 |    65 |    72 ||   169
Dodge: Dodged            |    48 |    43 |    86 ||   177

Table legend: (Time is in decaauts)
 A = Elapsed time spent in this place.
 B = Non-inter-level travel time spent in this place.
 C = Inter-level travel time spent in this place.
 D = Time resting spent in this place.
 E = Time spent auto-exploring this place.
 F = Levels seen in this place.
 G = Mean time per level.
                   A        B        C        D        E       F      G
               +--------+--------+--------+--------+--------+-----+--------+
         Total |   9924 |   9670 |    254 |    594 |   7437 |  10 |  992.4 |
       Dungeon |   9548 |   9306 |    242 |    594 |   7173 |   8 | 1193.5 |
        Temple |     79 |     67 |     12 |      0 |     55 |   1 |   79.0 |
       Ossuary |    296 |    296 |      0 |      0 |    209 |   1 |  296.0 |
               +--------+--------+--------+--------+--------+-----+--------+

Top non-repeatable levels by time:
     D:3: 1836 daAuts
     D:7: 1817 daAuts
     D:6: 1397 daAuts
     D:2: 1216 daAuts
     D:4: 1139 daAuts
     D:5: 1102 daAuts
     D:1: 853 daAuts
 Ossuary: 296 daAuts
     D:8: 184 daAuts
  Temple: 79 daAuts
